Map: Bel'Shir Vestige LE (Void)

Players

LiquidTLO (TLO) - Winner!

  • Race: Zerg Zerg
  • Spawn Location: 5:00

BLY

  • Race: Zerg Zerg
  • Spawn Location: 11:00

Event: IEM XI Katowice - World Championship 2017

VOD

Have the link to the VOD?

Description

Time

  • Played on: Feb. 27, 2017, 5:08 a.m.
  • Length: 5:28

All games in this series

Show
View Real Time Build Order
Export as new Build Order

LiquidTLO Zerg - Winner!

Build Orders: Pool First, Zergling Baneling 

Get SALT Encoding   

  12  0:00  Drone  
  13  0:21  Spawning Pool  
  13  0:24  Extractor  
  13  0:27  Drone  
  12  0:31  Drone  
  13  0:36  Drone  
  14  0:44  Overlord  
  14  1:07  Queen  
  14  1:08  Zergling x2  
  14  1:09  Zergling x2  
  18  1:21  Zergling x2  
  18  1:23  Metabolic Boost  
  19  1:32  Overlord  
  19  1:43  Baneling Nest  
  19  1:46  Zergling x2  
  19  1:50  Zergling x2  
  20  1:55  Zergling x2  
  21  2:04  Zergling x2  
  22  2:17  Zergling x2  
  22  2:18  Zergling x4  
  25  2:28  Baneling x4  
  25  2:31  Zergling x2  
  26  2:42  Zergling x2  
  25  2:53  Zergling x2  
  25  2:55  Zergling x2  
  25  2:57  Zergling x2  
  27  3:00  Baneling x2  
  27  3:01  Zergling x2  
  28  3:10  Zergling x2  
  25  3:23  Drone  
  25  3:28  Zergling x4  
  25  3:30  Drone  
  25  3:58  Hatchery  
  25  4:01  Drone  
  25  4:05  Baneling  
  25  4:06  Baneling  
  25  4:08  Drone  
  26  4:10  Drone  
  27  4:19  Overlord  
  27  4:22  Zergling x2  
  28  4:30  Zergling x2  
  28  4:35  Zergling x2  
  28  4:38  Baneling x5  
  28  4:42  Zergling x2  
  28  4:45  Zergling x2  
  29  4:54  Zergling x4  
  30  5:04  Zergling x2  
  28  5:08  Baneling x2  
  28  5:11  Zergling x2  
Show
View Real Time Build Order
Export as new Build Order

BLY Zerg 

Build Orders: Hatch First 

Get SALT Encoding   

  12  0:01  Drone  
  13  0:12  Overlord  
  13  0:17  Drone  
  14  0:31  Drone x2  
  16  0:35  Drone  
  17  0:54  Hatchery  
  17  0:56  Drone  
  17  1:02  Extractor  
  16  1:10  Spawning Pool  
  15  1:12  Drone  
  15  1:15  Drone  
  17  1:18  Drone  
  18  1:30  Drone  
  19  1:39  Overlord  
  19  1:58  Queen  
  19  1:59  Zergling x2  
  22  2:02  Zergling x2  
  22  2:03  Metabolic Boost  
  22  2:06  Queen  
  26  2:15  Zergling x4  
  26  2:19  Spine Crawler  
  26  2:22  Zergling x4  
  28  2:29  Zergling x2  
  29  2:31  Spine Crawler  
  28  2:44  Queen  
  27  2:54  Zergling x8  
  25  2:59  Zergling x2  
  13  3:15  Drone x2  
  11  3:29  Drone  
  10  3:38  Drone  
  11  3:44  Drone  
  11  3:57  Zergling x2  
  11  3:58  Zergling x2  
  13  4:03  Drone  
  14  4:22  Spawning Pool  
  13  4:27  Drone  
  14  4:36  Drone  
  15  4:38  Drone  
  15  4:45  Drone  
  16  4:52  Drone x2  
  13  5:09  Zergling x2  

Tags
 
Add a new tag
Caveats
  • Supply blocks, unpowered buildings, or Contaminate may cause inaccurate times.
  • Supply counts are checked every 10 seconds.